Cogmind - Beta 13 *** ADVENTURER MODE // 2024.04.09 @ 21:44:21 Player: XorOwl Result: Destroyed by G-47 Trooper with Particle Gun Performance ------------- Evolutions (3) 1500 Regions Visited (5) 1000 Robots Destroyed (76) 380 Value Destroyed (2178) 2178 Prototype IDs (4) 80 Alien Tech Used (0) 0 Bonus (126) 126 TOTAL SCORE: 5264 Bonus ------- High Alert Combat Kills 126 Cogmind --------- Core Integrity 0/700 Matter 32/300 Energy 99/100 System Corruption 3% Temperature Cool (27) Movement Core (50) Location -7/Factory Parts ------- > --- POWER (2) -------- (None) > --- PROPULSION (5) --- (None) > --- UTILITY (4) ------ Hacking Suite > --- WEAPON (2) ------- (None) > --- INVENTORY (5) ---- Advanced Weight Redist. System Improved Assault Rifle Gauss Rifle Peak State ------------ > --- POWER ------------ Light Ion Engine Cooled Ion Engine > --- PROPULSION ------- Medium Treads Medium Treads Medium Treads Medium Treads > --- UTILITY ---------- Signal Interpreter Targeting Computer Advanced ECM Suite > --- WEAPON ----------- Gauss Rifle Katana > --- INVENTORY -------- Flight Unit Flight Unit Hacking Suite System Restoration Module Tractor Beam [Rating: 34] Favorites ----------- Power Light Nuclear Core Engine Light Ion Engine Power Core Light Nuclear Core Propulsion Flight Unit Treads Medium Treads Leg Aluminum Leg Wheel Compact Wheel Hover Unit Airjet Flight Unit Flight Unit Utility Targeting Computer Device Sensor Array Storage Small Storage Unit Processor Targeting Computer Hackware Hacking Suite Protection Core Shielding Weapon Assault Rifle Energy Gun Beam Rifle Ballistic Gun Assault Rifle Ballistic Cannon Gauss Cannon Launcher Missile Launcher Special Weapon Enhanced Flamer Slashing Weapon Katana Build | -11 -10 -10 -9 -8 -7 ------- Run | Yrd Mat Min Mat Mat Fac Slots Evolved 6 | . . . 2 2 2 Power 1 | . . . . 1 . Propulsion 3 | . . . 1 1 1 Utility 2 | . . . 1 . 1 Weapon . | . . . . . . Parts Attached 91 | 6 5 8 30 31 11 Power 17 | 1 1 2 6 6 1 Engine 13 | 1 1 2 6 3 . Core 4 | . . . . 3 1 Reactor . | . . . . . . Propulsion 36 | 2 2 4 10 15 3 Treads 9 | . . . 2 5 2 Leg 1 | . . . . . 1 Wheel 2 | 2 . . . . . Hover 6 | . . . 2 4 . Flight 18 | . 2 4 6 6 . Utility 18 | 1 2 . 6 5 4 Device 12 | . 1 . 5 3 3 Storage 1 | 1 . . . . . Processor 2 | . 1 . 1 . . Hackware 1 | . . . . . 1 Protection 2 | . . . . 2 . Artifact . | . . . . . . Weapon 20 | 2 . 2 8 5 3 Energy Gun 4 | . . . 3 1 . Energy Cannon . | . . . . . . Ballistic Gun 6 | 2 . 1 . 3 . Ballistic Cannon 1 | . . . . . 1 Launcher 2 | . . . . . 2 Special Weapon 3 | . . 1 2 . . Impact Weapon . | . . . . . . Slashing Weapon 4 | . . . 3 1 . Piercing Weapon . | . . . . . . Special Melee Weapon . | . . . . . . Unidentified Prototypes 2 | . . . 2 . . Parts Lost 37 | . . . 10 8 19 Power 6 | . . . . 3 3 Propulsion 15 | . . . 5 3 7 Utility 7 | . . . 2 . 5 Weapon 9 | . . . 3 2 4 Highest Loss Streak 9 | . . . 5 3 9 To Critical Strikes 1 | . . . . 1 . Average Slot Usage (%) 87 | . 94 100 84 93 68 Engine 9 | . 14 14 11 8 . Core 3 | . . . . 6 8 Treads 5 | . . . 6 11 2 Hover 6 | . . . . 9 20 Flight 14 | . 15 28 18 12 . Device 7 | . 6 14 8 6 4 Processor 15 | . 11 14 17 18 12 Protection 1 | . . . . 2 6 Energy Gun 2 | . . . 5 3 . Ballistic Gun 13 | . 28 28 6 12 8 Slashing Weapon 2 | . . . 6 1 . Naked Turns . | . . . . . . Heaviest Build 20 | 14 14 8 13 20 18 Greatest Support 112 | 32 32 8 40 112 50 Greatest Overweight (x) 3 | . 3 . 2 1 3 Average Overweight (x) . | . . . . . . Largest Inventory Capacity 8 | 8 8 5 5 5 5 Average Capacity 5 | 6 6 5 5 5 5 Most Carried 5 | 5 5 5 5 5 5 Average Carried 4 | 1 3 5 4 4 4 Final Capacity 8 | 8 5 5 5 5 5 Final Carried 5 | . 5 5 5 5 3 Class Distribution -------------------- 50% | Mutant 47% | Scavenger-Mutant Dominant Class ---------------- Mutant | -10/Materials Mutant | -10/Mines Scavenger-Mutant | -9/Materials Scavenger-Mutant | -8/Materials Mutant | -7/Factory Resources | -11 -10 -10 -9 -8 -7 ----------- Run | Yrd Mat Min Mat Mat Fac Matter Collected 1553 | 222 106 161 429 511 124 Remotely 144 | . . . 20 . 124 Salvage Created 2301 | . 162 187 712 972 268 Parts 146 | . 13 15 51 60 7 Haulers Intercepted . | . . . . . . Recyclers Shooed 1 | . . . . 1 . Parts Field Recycled . | . . . . . . Retrieved Matter . | . . . . . . Parts Self-Destructed . | . . . . . . Prevented . | . . . . . . Kills | -11 -10 -10 -9 -8 -7 ------- Run | Yrd Mat Min Mat Mat Fac Combat Hostiles Destroyed 64 | . 3 8 16 25 12 Melee 10 | . . . 9 1 . Guns 43 | . 3 8 7 23 2 Cannons 2 | . . . . . 2 AOE 8 | . . . . . 8 Classes Destroyed 9 | . 3 1 3 1 1 Worker 1 | . . . . . 1 Recycler 3 | . 1 . 1 1 . Operator 4 | . . . 2 2 . Watcher 4 | . 1 . 1 2 . Swarmer 26 | . 3 6 4 13 . Grunt 29 | . . 2 8 7 12 Duelist 1 | . . . 1 . . Sentry 6 | . . . 3 3 . Hunter 2 | . . . . 2 . Best Kill Streak 9 | . 4 3 4 6 9 Combat Bots Only 8 | . 3 3 4 4 8 Max Kills in Single Turn 2 | . 2 1 1 2 2 Gunslinging 1 | . 1 . . 1 . Exploded 2 | . . . . . 2 Melee 1 | . . . 1 1 . Uniques/NPCs Destroyed . | . . . . . . Combat | -11 -10 -10 -9 -8 -7 -------- Run | Yrd Mat Min Mat Mat Fac Hostile Shots Fired 653 | . 5 21 143 228 256 Missed 192 | . 2 6 40 56 88 Damage Taken 4325 | . 17 123 872 1383 1930 Core 1175 | . 12 25 262 167 709 Absorbed by Shields . | . . . . . . Redirected to Shielding 50 | . . . . . 50 Ignored by Resistances 1309 | . 6 41 272 429 561 Core Remaining (%) 72 | 100 . 85 34 69 . Volleys Fired 162 | . 8 14 34 73 33 Largest 2 | . 2 2 2 2 2 Hottest 130 | . 40 40 130 106 73 Shots Fired 296 | . 16 28 67 129 56 Gun 265 | . 16 28 62 129 30 Cannon 16 | . . . . . 16 Launcher 10 | . . . . . 10 Special 5 | . . . 5 . . Kinetic 236 | . 16 28 52 94 46 Thermal 50 | . . . 15 35 . Explosive 10 | . . . . . 10 Electromagnetic . | . . . . . . Robot Hit Streak 34 | . 5 13 19 34 20 Robot Miss Streak 5 | . 2 3 2 3 5 Penetration Max 1 | . . . . 1 1 Secondary Targets 6 | . 1 1 1 3 . Max Gunslinging Chain 1 | . 1 1 1 1 . Shots Hit Robots 281 | . 9 22 84 117 49 Core Hits 128 | . 5 10 28 52 33 Critical Kills 4 | . . 2 . 2 . Critical Parts Destroyed . | . . . . . . Critical Strikes 14 | . . 2 2 9 1 Burn 4 | . . . . 4 . Destroy 4 | . . 2 . 2 . Blast 1 | . . . . . 1 Sever 5 | . . . 2 3 . Melee Attacks 50 | . . . 32 18 . Impact . | . . . . . . Slashing 50 | . . . 32 18 . Piercing . | . . . . . . Sneak Attacks 3 | . . . 3 . . Combat Hostiles . | . . . . . . Follow-up Attacks . | . . . . . . Damage Inflicted 6373 | . 112 265 1743 2023 2230 Guns 3340 | . 112 265 641 1578 744 Cannons 332 | . . . . . 332 Explosions 1120 | . . . . . 1120 Melee 1501 | . . . 1056 445 . Ramming 34 | . . . . . 34 Kinetic 3212 | . 112 265 540 1219 1076 Thermal 655 | . . . 147 359 149 Explosive 971 | . . . . . 971 Electromagnetic . | . . . . . . Impact . | . . . . . . Slashing 1501 | . . . 1056 445 . Piercing . | . . . . . . Highest Corruption 3 | . . . . 1 3 Average Corruption 1 | . . . . 1 2 Corruption Purged 1 | . . . . 1 . Corruption Blocked . | . . . . . . Effects 1 | . . . . . 1 Message Errors 1 | . . . . . 1 Overload Shots . | . . . . . . Overflow Damage 226 | . . . 124 35 67 Projectiles 6 | . . . . . 6 Explosions 61 | . . . . . 61 Melee 159 | . . . 124 35 . Knockbacks 2 | . . . . . 2 Impact . | . . . . . . Kinetic 2 | . . . . . 2 Secondary . | . . . . . . Self-Inflicted Damage 123 | . . . . . 123 Shots 2 | . . . . . 2 Rammed 6 | . . . . . 6 Targets Rammed 6 | . . . . . 6 Kicked . | . . . . . . Crushed . | . . . . . . Highest Temperature 278 | . . 10 278 162 129 Average Temperature 44 | . . 4 107 31 43 Received Heat Transfer 1629 | . . 57 390 279 903 Siege Activations . | . . . . . . Robots Corrupted . | . . . . . . Combat Hostiles . | . . . . . . Parts Fried . | . . . . . . Impact Corruptions . | . . . . . . Robots Melted 1 | . . . . 1 . Combat Hostiles 1 | . . . . 1 . Parts Melted 3 | . . . . 3 . Heat Transferred 1974 | . . . 616 1258 100 Parts Sabotaged . | . . . . . . Parts Stolen . | . . . . . . Parts Stripped . | . . . . . . Power Chain Reactions . | . . . . . . Alert | -11 -10 -10 -9 -8 -7 ------- Run | Yrd Mat Min Mat Mat Fac Peak Influence 584 | . 106 254 381 584 541 Initial 227 | . . 34 17 136 227 Average 244 | . 61 88 227 352 313 Maximum Alert Level 2 | . . 1 1 2 2 Low Security (%) 38 | 100 100 88 38 16 . Level 1 46 | . . 11 61 43 81 Level 2 15 | . . . . 40 18 Level 3 . | . . . . . . Level 4 . | . . . . . . Level 5 . | . . . . . . High Security . | . . . . . . Max Security . | . . . . . . Squads Dispatched 12 | . . . 3 6 3 Investigation 3 | . . . 1 1 1 Extermination 1 | . . . . . 1 Reinforcement 5 | . . . 2 2 1 Assault . | . . . . . . Garrison 3 | . . . . 3 . Intercept . | . . . . . . Searches Triggered . | . . . . . . Construction Impeded . | . . . . . . Haulers Reinforced . | . . . . . . Active Scanning Responses . | . . . . . . Cargo Convoy Interrupts . | . . . . . . Stealth | -11 -10 -10 -9 -8 -7 --------- Run | Yrd Mat Min Mat Mat Fac Distress Signals 5 | . . . 3 2 . Communications Jammed . | . . . . . . Distress Signals . | . . . . . . Times Spotted 104 | . 6 7 35 37 19 Peak Tracking Total 8 | . 3 2 8 8 7 Tactical Retreats 8 | . . . 5 3 . Traps | -11 -10 -10 -9 -8 -7 ------- Run | Yrd Mat Min Mat Mat Fac Traps Triggered 1 | . . . . 1 . Indirectly . | . . . . . . Trap Hack Attempts . | . . . . . . Triggered . | . . . . . . Disarmed . | . . . . . . Reprogrammed . | . . . . . . Reused . | . . . . . . Traps Extracted . | . . . . . . Installed . | . . . . . . Triggered . | . . . . . . Machines | -11 -10 -10 -9 -8 -7 ---------- Run | Yrd Mat Min Mat Mat Fac Machines Disabled 5 | . . . . 1 4 Max in Single Turn 4 | . . . . 1 4 Machines Repaired . | . . . . . . Machines Dismantled . | . . . . . . Machines Sabotaged . | . . . . . . Overloaded Fab Kills . | . . . . . . Hacking | -11 -10 -10 -9 -8 -7 --------- Run | Yrd Mat Min Mat Mat Fac Machines Accessed 16 | . 3 . 4 6 3 Terminals 10 | . 2 . 2 4 2 Fabricators . | . . . . . . Repair Stations . | . . . . . . Recycling Units 5 | . 1 . 1 2 1 Scanalyzers 1 | . . . 1 . . Garrison Access . | . . . . . . Total Hacks 35 | . 4 . 10 14 7 Successful 19 | . 3 . 7 7 2 Failed 16 | . 1 . 3 7 5 Catastrophic 4 | . . . 1 2 1 Database Lockouts . | . . . . . . Manual 10 | . 3 . . 7 . Terminals 25 | . 3 . 4 12 6 Fabricators . | . . . . . . Repair Stations . | . . . . . . Recycling Units 6 | . 1 . 2 2 1 Scanalyzers 4 | . . . 4 . . Garrison Access . | . . . . . . Terminal Hacks 9 | . 2 . 1 5 1 Record 2 | . . . . 1 1 Prototype ID Bank 1 | . . . . 1 . Level Access Points 1 | . 1 . . . . Alert Level 3 | . 1 . 1 1 . Unreport Threat 1 | . . . . 1 . Security Status 1 | . . . . 1 . Fabricator Hacks . | . . . . . . Repair Station Hacks . | . . . . . . Recycling Unit Hacks 6 | . 1 . 2 2 1 Report Inventory 5 | . 1 . 1 2 1 Retrieve Components 1 | . . . 1 . . Scanalyzer 4 | . . . 4 . . Insert Component 2 | . . . 2 . . Analyze 2 | . . . 2 . . Garrison Access Hacks . | . . . . . . Unauthorized Hacks . | . . . . . . Terminals . | . . . . . . Fabricators . | . . . . . . Repair Stations . | . . . . . . Recycling Units . | . . . . . . Scanalyzers . | . . . . . . Garrison Access . | . . . . . . Data Cores Recovered 1 | . . . 1 . . Used . | . . . . . . Hacking Detections 10 | . 1 . 2 5 2 Full Trace Events 4 | . . . 1 2 1 Feedback Events . | . . . . . . Feedback Blocked . | . . . . . . Robot Schematics Acquired . | . . . . . . Robots Built . | . . . . . . Authchips . | . . . . . . Time . | . . . . . . Total Robot Build Rating . | . . . . . . Part Schematics Acquired 2 | . . . 2 . . Parts Built . | . . . . . . Authchips . | . . . . . . Time . | . . . . . . Total Part Build Rating . | . . . . . . Parts Repaired . | . . . . . . Time . | . . . . . . Parts Recycled . | . . . . . . Recycled Matter . | . . . . . . Retrieved Matter . | . . . . . . Retrieved Components 10 | . . . 10 . . Parts Scanalyzed 2 | . . . 2 . . Part Schematics Acquired 2 | . . . 2 . . Parts Damaged . | . . . . . . Bothacking | -11 -10 -10 -9 -8 -7 ------------ Run | Yrd Mat Min Mat Mat Fac Used RIF Installer . | . . . . . . Robots Hacked . | . . . . . . Non-combat . | . . . . . . Combat . | . . . . . . Robot Hacks Applied . | . . . . . . Relay Couplers Released . | . . . . . . Fabnet Peak Effective % . | . . . . . . Robots Rewired . | . . . . . . Allies Hacked . | . . . . . . Hacks Repelled . | . . . . . . Allies | -11 -10 -10 -9 -8 -7 -------- Run | Yrd Mat Min Mat Mat Fac Total Allies . | . . . . . . Largest Group . | . . . . . . Highest-Rated Group . | . . . . . . Highest-Rated Ally . | . . . . . . Total Orders . | . . . . . . Ally Attacks . | . . . . . . Total Damage . | . . . . . . Kills . | . . . . . . Allies Corrupted . | . . . . . . Allies Melted . | . . . . . . Intel | -11 -10 -10 -9 -8 -7 ------- Run | Yrd Mat Min Mat Mat Fac Robot Analysis Total . | . . . . . . Derelict Logs Recovered 1 | . . 1 . . . Drone Launches . | . . . . . . Drone Recoveries . | . . . . . . Exploration | -11 -10 -10 -9 -8 -7 ------------- Run | Yrd Mat Min Mat Mat Fac Turns Passed 2510 | 56 140 407 696 772 439 Spaces Moved 2067 | 41 122 498 591 542 273 Core 39 | 1 . . . . 38 Treads 243 | . . . 93 120 30 Legs 13 | . . . . . 13 Wheels 79 | 40 39 . . . . Hover 458 | . . . 6 260 192 Flight 1235 | . 83 498 492 162 . Fastest Speed 29 | 50 37 37 34 29 48 Average Speed 61 | 98 67 37 70 67 66 Slowest Speed 280 | 100 280 37 200 160 200 Overloaded Moves . | . . . . . . Propulsion Burnouts . | . . . . . . Robots Hopped 11 | . 1 4 5 1 . Cave-ins Triggered . | . . . . . . Exploration Rate (%) 36 | 3 27 72 55 51 10 Regions Visited 5 Branch Regions 1 Pre-discovered Areas . | . . . . . . Known Exits Taken 3 | . . 1 1 1 . Unknown Exits Taken 2 | 1 1 . . . . Scrap Searched 1 | . . 1 . . . Spaces Dug 1 | . . . 1 . . Terrain Destroyed 91 | . . . 1 2 88 Melee 1 | . . . 1 . . Projectile 4 | . . . . 2 2 AOE 86 | . . . . . 86 Terrain Rammed . | . . . . . . Walls Destroyed . | . . . . . . Machines Disabled . | . . . . . . Actions | -11 -10 -10 -9 -8 -7 --------- Run | Yrd Mat Min Mat Mat Fac Total 2915 | 56 163 690 739 797 470 Wait 463 | 4 16 167 35 100 141 Move 2041 | 40 119 489 581 539 273 Hop 10 | . 1 4 4 1 . Pick Up 47 | 6 10 1 12 13 5 Fast Attach 25 | . . . 9 14 2 Attach 36 | 6 3 . 9 10 8 Detach 4 | . . . 1 2 1 Swap 30 | . 2 8 12 7 1 Drop 41 | . 4 7 10 20 . Fire 162 | . 8 14 34 73 33 Melee 50 | . . . 32 18 . Ram 6 | . . . . . 6 Kick . | . . . . . . Crush . | . . . . . . Escape Stasis . | . . . . . . Rewire . | . . . . . . Trap . | . . . . . . Miscellaneous . | . . . . . . Route ------- -11/Scrapyard -10/Materials (discovered 4 exits: Mat x3 / [*Min]) -10/Mines -9/Materials (discovered 3 exits: *Mat x2 / *Min) -8/Materials -7/Factory History --------- Turn | Location | Event 11 | -11/Scrapyard | Discovered new exit (range 15) 57 | -11/Scrapyard | Entered Materials 105 | -10/Materials | Identified exit to Materials 191 | -10/Materials | Discovered new exit (range 9) 197 | -10/Materials | Entered Mines 210 | -10/Mines | A weapon hastily lodged in a ceiling crevice suddenly fell to the ground 248 | -10/Mines | Learned location of 1 exit from Materials 311 | -10/Mines | Build established: Mutant 602 | -10/Mines | Discovered exit to Materials (range 6) 604 | -10/Mines | Entered Materials 604 | -9/Materials | Evolved 2 slots: Propulsion x1, Utility x1 605 | -9/Materials | Identified exit to Materials 817 | -9/Materials | Lost 5 parts (3n1u1w) 1042 | -9/Materials | Discovered new exit (range 12) 1046 | -9/Materials | Identified exit to Mines 1150 | -9/Materials | Build established: Scavenger-Mutant 1151 | -9/Materials | Core integrity fell below 50% 1210 | -9/Materials | Lost 3 parts (2n1w) 1255 | -9/Materials | Discovered exit to Materials (range 16) 1300 | -9/Materials | Entered another Materials area 1300 | -8/Materials | Evolved 2 slots: Power x1, Propulsion x1 1534 | -8/Materials | Lost 3 parts (2p1w) 1601 | -8/Materials | Lost 3 parts (3n) 1777 | -8/Materials | Garrison activated, responded to threat 2066 | -8/Materials | Discovered new exit (range 12) 2071 | -8/Materials | Identified exit to Factory 2072 | -8/Materials | Entered Factory 2072 | -7/Factory | Evolved 2 slots: Propulsion x1, Utility x1 2424 | -7/Factory | Destroyed 8 combat bots 2429 | -7/Factory | Lost 8 parts (1p4n1u2w) 2476 | -7/Factory | Core integrity fell below 50% 2505 | -7/Factory | Core integrity fell below 20% 2511 | -7/Factory | Destroyed by G-47 Trooper with Particle Gun Last Messages --------------- O-24 Administrator destroyed. Door malfunctions. Med. Treads destroyed. Acquired Gauss Rifle. U-05 Engineer lays Concrete. Core Shielding destroyed. U-05 Engineer builds a Wall. Lgt. Nuclear Core destroyed. U-05 Engineer lays Concrete. Connecting with Terminal... ALERT: Suspicious activity at Terminal F006. Dispatching Investigation squad. C-30 ARC bursts open, deploying its payload. P-60 Hacker unfolds itself. AG5CVIXYFXRCKTU |&2M1/ OD Aluminum Leg destroyed. Slammed into G-47 Trooper. Targeting Computer destroyed. Slammed into Y-54 Guardian. Critical hit (Burn: +37). Map ----- +----------------------------------------------------+ | | | | | ???????????????????????????????????????????###???# | | ??????????????????????????????????????????? | | ??????????????????????????????????????????# | | ??????????????????????????????????????????# | | ??????????????????????????? ??????????????# | | ???????????????????????????? ?????????????# | | ????????????????????????????? ????????????# | | ?????????????????????????????# ???????????# | | ??????????????????????#??????#+############ | | ??????????????????????# ?????# """T""" # | | ??????????????????????#+###### # | | ??????????????????????#" ## *! # # ## | | ??????????????????????#%""" # * # | | ??????????????????????#"""" ## [ | | ??????????????????????# """ ## | | ??????????????????????# ## | | ??????????????????????# ## # | | ??????????????????????# =## # ### ## | | ??????????????????????# ## ###?# #? | | ??????????????######### " " ## #???# #? | | ??????????????# # "T" ## #???# #? | | ??????????????# """ # """ ###### """ ####???# #? | | ??????????????# """ # #???### ####??????# #? | | ??????????????# """ ###@####### #???????# #? | | ??????????????# # g p ##??????# #? | | ??????????????# """ + p Y ?? | | ??????????????# """ # g ########?/?? | | ??????????????# """ ###+####### #???????? ?? | | ??????????????# #?????????###+###???????? ?? | | ??????????????# #???????????????????????? ?? | | ??????????????# #???????????????????????? ?? | | ??????????????#########???????????????????????? ?? | | ?????????????????????????????????????????????????? | | ?????????????????????????????????????????????????? | | ?????????????????????????????????????????????????? | | ?????????????????????????????????????????????????? | | ?????????????????????????????????????????????????? | | ?????????????????????????????????????????????????? | | ?????????????????????????????????????????????????? | | ?????????????????????????????????????????????????? | | ?????????????????????????????????????????????????? | | ?????????????????????????????????????????????????? | | ?????????????????????????????????????????????????? | | ?????????????????????????????????????????????????? | | ?????????????????????????????????????????????????? | | ?????????????????????????????????????????????????? | | ?????????????????????????????????????????????????? | | ?????????????????????????????????????????????????? | +----------------------------------------------------+ Best States ------------- Heat Dissipation 61 Energy Generation 23 Energy Capacity 310 Matter Stores 300 Matter Capacity 300 Sight Range 16 Robot Scan Range 14 Terrain Scan Density 10 ECM Strength 2 Resistance: KI 20 Resistance: TH 20 Resistance: EX 20 Resistance: EM 20 Resistance: I 20 Resistance: S 20 Resistance: P 20 Core Shielding 20 Evasion (%) 64 Targeting Accuracy 5 Recoil Reduction 4 Offensive Hacking 20 Item Schematics ----------------- Sensor Array | -9/Materials | Scanalyzed Enh. Flamer | -9/Materials | Scanalyzed Robot Schematics ------------------ None Fabricated ------------ Nothing Alien Tech Used ----------------- None Achievements -------------- None Challenges ------------ None Game ------ Seed LaserDataReconfigurator Manual? 0 Play Time 01:07:20 Cumulative 19.4 hours Start 2024.04.09 @ 20:33:32 End 2024.04.09 @ 21:44:21 Sessions 1 Manual Loads 0 Difficulty Adventurer Special Mode None Game No. 17 Rogue 0 Adventurer 17 Explorer 0 Win Type - Total 0 Types 0/0/0/0/0/0/0/0/0 Lore% 10 Gallery% 24 Achievement% 21 Wizard Run 0 Options --------- Layout 1 ASCII 0 Keyboard 0 Movement Mouse Keybinds 0 Fullscreen 0 Font 20/SmallcapsGlow Map View 50x35 Zoom Use 0% Tactical HUD 0 Map Filters NONE Filters NONE Steam 1 RUN: 4c236212-dec7-40fb-8b6e-aa787db65e85